 Dungeon Crawl Stone Soup version 0.28.0 (webtiles) character file.

Game seed: 10537035311327607421

780 blackman the Cleaver (level 7, 0/57 HPs)
             Began as a Minotaur Fighter on Feb 5, 2022.
             Was an Initiate of Okawaru.
             Slain by a killer bee (7 damage)
             ... on level 8 of the Dungeon.
             The game lasted 00:04:20 (5703 turns).

blackman the Cleaver (Minotaur Fighter)             Turns: 5703, Time: 00:04:21

Health: 0/57       AC:  9    Str: 22    XL:     7   Next: 55%
Magic:  6/6        EV:  9    Int:  5    God:    Okawaru [......]
Gold:   259        SH:  4    Dex: 10    Spells: 6/6 levels left

rFire   . . .      SeeInvis .   a - +0 war axe
rCold   . . .      Faith    .   c - +0 buckler
rNeg    . . .      Spirit   .   b - +0 scale mail
rPois   .          Reflect  .   (helmet restricted)
rElec   .          Harm     .   z - +0 cloak
rCorr   .          Rampage  .   t - +0 pair of gloves
Will    .....                   (no boots)
Stlth   ..........              (no amulet)
HPRegen 0.19/turn               (no ring)
MPRegen 0.10/turn               (no ring)

@: mighty, brilliant, lethally poisoned (0 -> -16)
A: horns 2, retaliatory headbutt
a: Renounce Religion


You were on level 8 of the Dungeon.
You worshipped Okawaru.
Okawaru was noncommittal.
You visited 2 branches of the dungeon, and saw 8 of its levels.

You collected 259 gold pieces.

Inventory:

Hand Weapons
 a - a +0 war axe (weapon)
Missiles
 H - 2 throwing nets (quivered)
Armour
 b - a +0 scale mail (worn)
 c - a +0 buckler (worn)
 t - a +0 pair of gloves (worn)
 z - a +0 cloak (worn)
Jewellery
 y - a ring of magical power
Wands
 k - a wand of charming (8)
 q - a wand of mindburst (11)
 r - a wand of polymorph (12)
 F - a wand of flame (9)
Scrolls
 g - 2 scrolls of teleportation {unknown}
 h - 3 scrolls of identify {unknown}
 j - a scroll of brand weapon {unknown}
 l - a scroll of torment {unknown}
 m - a scroll of fear {unknown}
 s - a scroll of silence {unknown}
 v - a scroll of fog {unknown}
 C - a scroll of magic mapping {unknown}
 D - a scroll of amnesia {unknown}
 E - 2 scrolls of holy word {unknown}
 G - a scroll of summoning {unknown}
 I - a scroll of immolation {unknown}
Potions
 d - a potion of might
 e - a potion of experience {unknown}
 f - 2 potions of heal wounds {unknown}
 i - a potion of haste {unknown}
 n - a potion of flight {unknown}
 o - a potion of invisibility {unknown}
 p - a potion of resistance {unknown}
 u - a potion of degeneration {unknown}
 w - a potion of brilliance
 A - a potion of magic {unknown}
 B - a potion of lignification {unknown}


   Skills:
 - Level 3.6 Fighting
 + Level 10.4 Axes
 - Level 3.6 Armour
 - Level 3.6 Shields


You had 6 spell levels left.
You didn't know any spells.
Your spell library contained the following spells:

 Spells                   Type           Power      Damage    Failure   Level
 Apportation              Tloc           0%         N/A       88%         1
 Foxfire                  Conj/Fire      0%         2x1d4     88%         1
 Ensorcelled Hibernation  Hex/Ice        0%         N/A       95%         2
 Passwall                 Tmut/Erth      0%         N/A       95%         2
 Conjure Flame            Conj/Fire      0%         6-21      99%         3
 Frozen Ramparts          Ice            0%         1d2       99%         3
 Inner Flame              Hex/Fire       0%         N/A       99%         3
 Swiftness                Air            0%         N/A       99%         3
 Flame Wave               Conj/Fire      0%         2d4       100%        4
 Ice Form                 Ice/Tmut       0%         N/A       100%        4
 Animate Skeleton         Necr           Unusable   N/A       N/A         1
 Summon Small Mammal      Summ           Unusable   N/A       N/A         1
 Summon Ice Beast         Ice/Summ       Unusable   N/A       N/A         4

Dungeon Overview and Level Annotations

Branches:
Dungeon (6/15)             Temple (1/1) D:6

Altars:
Cheibriados
Elyvilon
Fedhas
Gozag
Hepliaklqana
Kikubaaqudgha
Makhleb
Nemelex Xobeh
Okawaru
Qazlal
Ru
Trog
Uskayaw
Wu Jian
Xom
Yredelemnul
Zin

Annotations:
D:2 1 runed translucent door, Crazy Yiuf


Innate Abilities, Weirdness & Mutations

You have a pair of horns on your head.
You reflexively headbutt those who attack you in melee.


Message History

The killer bee poisons you!
The killer bee stings you but does no damage. x2
The killer bee barely misses you. The killer bee closely misses you.
You furiously retaliate!
You headbutt the killer bee! The killer bee completely misses you.
The killer bee stings you.
* * * LOW HITPOINT WARNING * * *
It was a potion of curing.
You feel better. You block the killer bee's attack. x2
The killer bee closely misses you.
The killer bee stings you but does no damage.
The killer bee stings you!
* * * LOW HITPOINT WARNING * * *
You are poisoned.
The killer bee poisons you! The killer bee stings you.
* * * LOW HITPOINT WARNING * * *
You are more poisoned.
The killer bee poisons you! The killer bee closely misses you.
You furiously retaliate!
You headbutt the killer bee!
You kill the killer bee!
Okawaru accepts your kill. The killer bee barely misses you.
It was a potion of brilliance.
You feel clever all of a sudden.
* * * LOW HITPOINT WARNING * * *
You feel very sick. The killer bee barely misses you.
The killer bee stings you but does no damage.
The killer bee stings you.
* * * LOW HITPOINT WARNING * * *
You block the killer bee's attack. The killer bee closely misses you.
You furiously retaliate!
You headbutt the killer bee!
The killer bee stings you but does no damage.
You feel better. The killer bee stings you!
* * * LOW HITPOINT WARNING * * *
You are lethally poisoned!
The killer bee poisons you! The killer bee misses you.
The killer bee barely misses you. The killer bee stings you.
* * * LOW HITPOINT WARNING * * *
You are more poisoned.
The killer bee poisons you! The killer bee stings you!
You die...

.........# .........+
.........# .........# .
.>.....).# ..
.........### #######...
...........## #.....(.#
............###..y....#
.......###......@.....#
......###.......yy....#
.......#..............#
........._.###........#
####..##...# .....#####
... ##..##.....# ..
..........#
...........# ...
........#


You could see 3 killer bees.

Vanquished Creatures
  A hornet zombie (D:5)
  A centaur (D:3)
  Blork the orc (D:4)
  2 scorpions
  2 killer bees (D:8)
  A centaur zombie (D:5)
  A jelly (D:6)
  A hound (D:4)
  2 iguanas
  Ijyb (D:4)
  6 adders
  2 shadow imps (D:5)
  2 ufetubi (D:4)
  2 dart slugs
  6 orcs
  5 bats
  5 endoplasms
  2 giant cockroaches (D:1)
  5 goblins
  6 hobgoblins
  13 jackals
  5 kobolds
  3 quokkas
  9 ball pythons
  5 frilled lizards
  3 rats
92 creatures vanquished.

Notes
Turn   | Place    | Note
-------+----------+-------------------------------------------
     0 | D:1      | blackman the Minotaur Fighter began the quest for the Orb.
     0 | D:1      | Reached XP level 1. HP: 19/19 MP: 0/0
   116 | D:1      | Reached skill level 3 in Axes
   123 | D:1      | Reached XP level 2. HP: 12/26 MP: 1/1
   390 | D:1      | Found a faded altar of an unknown god.
   402 | D:1      | Prayed at the altar of an unknown god.
   402 | D:1      | Became a worshipper of Elyvilon the Healer
   402 | D:1      | Reached * piety under Elyvilon
   837 | D:1      | Reached skill level 4 in Axes
   868 | D:1      | Reached XP level 3. HP: 23/31 MP: 2/2
  1294 | D:2      | Found an ornate altar of the Wu Jian Council.
  1313 | D:2      | Found a runed translucent door.
  1314 | D:2      | Noticed Crazy Yiuf
  1427 | D:2      | Reached ** piety under Elyvilon
  1791 | D:2      | Reached skill level 5 in Axes
  2422 | D:3      | Found Gac Zel's General Store.
  2530 | D:3      | Reached XP level 4. HP: 39/39 MP: 3/3
  2719 | D:3      | Found a sparkling altar of Nemelex Xobeh.
  2721 | D:3      | Found a sacrificial altar of Ru.
  2721 | D:3      | Found a hazy altar of Hepliaklqana.
  2862 | D:3      | Noticed a centaur
  2870 | D:3      | Killed a centaur
  2871 | D:3      | Reached skill level 6 in Axes
  2871 | D:3      | Reached XP level 5. HP: 15/45 MP: 4/4
  3095 | D:4      | Noticed Ijyb
  3119 | D:4      | Killed Ijyb
  3120 | D:4      | Reached skill level 7 in Axes
  3162 | D:4      | Reached *** piety under Elyvilon
  3203 | D:4      | Noticed Blork the orc
  3214 | D:4      | Killed Blork the orc
  3215 | D:4      | Reached skill level 8 in Axes
  3215 | D:4      | Reached XP level 6. HP: 17/51 MP: 5/5
  4350 | D:5      | Entered Level 5 of the Dungeon
  4495 | D:5      | Reached skill level 9 in Axes
  4576 | D:5      | Reached **** piety under Elyvilon
  4736 | D:5      | Reached XP level 7. HP: 57/57 MP: 6/6
  5394 | D:6      | Found a staircase to the Ecumenical Temple.
  5403 | D:6      | Reached skill level 10 in Axes
  5408 | Temple   | Entered the Ecumenical Temple
  5582 | Temple   | Fell from the grace of Elyvilon
  5597 | Temple   | Became a worshipper of Warmaster Okawaru
  5681 | D:6      | You fall into a shaft and drop 2 floors!
  5688 | D:8      | Found a bloodstained altar of Trog.
  5703 | D:8      | Slain by a killer bee

Illustrated notes

Levels and vault maps discovered:
D:1:      elethiomel_arrival_maze, layout_loops_ring,
          shapermc_ecumenical_altar_mp_highgroup
D:2:      layout_basic, basic_altar, minmay_crystal_room,
          minmay_splitting_lines, grunt_decor_clamped, uniq_crazy_yiuf_cottage
D:3:      layout_loops_ring, gammafunk_temple_overflow_forgotten, serial_shops,
          shop
D:4:      layout_basic, hangedman_feature_mirror, uniq_blork_the_orc, uniq_ijyb
D:5:      layout_loops_corners
D:6:      layout_basic, minmay_temple_entry_offerings, nicolae_specific_store,
          uniq_menkaure
D:8:      layout_gridville, trog_three_pillars_becter, lair_entry_dummy
Temple:   minmay_temple_bridge_abc

Skill      XL: |  1  2  3  4  5  6  7 |
---------------+----------------------+-----
Axes           | 3 4 5 6 8 9 10 | 10.4
Fighting       | |  3.6
Armour         | |  3.6
Shields        | |  3.6

Action                   |  1- 3 |  4- 6 |  7- 9 || total
-------------------------+-------+-------+-------++-------
Melee: War axe           |   107 |    84 |    32 ||   223
       Headbutt          |    13 |     8 |     6 ||    27
       Unarmed           |       |    18 |       ||    18
Invok: Renounce Religion |       |       |     1 ||     1
  Use: Potion            |       |       |     4 ||     4
Armor: Scale mail        |    51 |    32 |    20 ||   103
       Skin              |       |     5 |       ||     5
Dodge: Dodged            |    68 |    50 |    27 ||   145
Block: Buckler           |    25 |    29 |    11 ||    65
